AoeStats
← Zorcki

MegaRandom

505232597Analyzed
1v1 RM · 23d ago on Sep 8, 2026· 45m 12s· 2 players
Game mode
Random Map
Map size
Tiny (2 player)
Population
200
Speed
Normal
Resources
Standard
Victory
Conquest
Starting age
Dark Age
Ending age
Imperial Age
RankedLock teamsTeams togetherTeam positionsShared explorationLock speedFull tech treeHidden civsTurbo modeCheats
Victory
Defeat
🇦🇷 Jurchens · Argentina
874
+18
🇧🇪 Bulgarians · Belgium
927
-18
Santi_Alfa
0:28 Loom
12:39 Feudal Age
13:12 Double-Bit Axe
15:05 Fletching
15:01 Horse Collar
19:19 Stone Mining
19:23 Gold Mining
20:16 Fishing Lines
23:31 Castle Age
22:33 Scale Mail Armor
22:43 Forging
24:37 Wheelbarrow
24:53 Bow Saw
25:52 Gold Shaft Mining
25:21 Gillnets
25:59 Squires
26:44 Hand Cart
27:45 Town Watch
27:56 Bodkin Arrow
28:44 Stone Shaft Mining
29:08 Scale Mail Armor
29:19 Forging
29:09 Padded Archer Armor
29:26 Heavy Plow
29:32 Guard Tower
30:12 Ballistics
30:59 Chain Mail Armor
31:19 Iron Casting
32:11 Siege Engineers
32:50 Masonry
32:52 Fortified Bastions
35:27 Iron Casting
35:50 Leather Archer Armor
40:26 Imperial Age
40:18 Bloodlines
40:08 Husbandry
42:04 Hoardings
42:33 Chemistry
42:05 Architecture
41:23 Arrowslits
42:44 Two-Man Saw
42:57 Conscription
44:17 Blast Furnace
44:51 Bracer
45:29 Keep
45:33 Ring Archer Armor
44:43 Elite Fire Lancer
Zorcki
5:45 Loom
9:33 Feudal Age
11:17 Horse Collar
11:23 Double-Bit Axe
15:12 Forging
24:30 Castle Age
23:08 Wheelbarrow
22:45 Scale Barding Armor
28:12 Gold Mining
28:54 Bow Saw
30:09 Stirrups
31:45 Heavy Plow
33:37 Hand Cart
33:07 Town Watch
35:37 Iron Casting
35:28 Chain Barding Armor
40:02 Imperial Age
37:05 Elite Skirmisher
39:13 Thumb Ring
Connection lost

Rejoining the realm…

Still unreachable

The connection could not be restored.

Session expired

The server has moved on; the page needs a fresh start.